 Dungeon Crawl Stone Soup version 0.27.1 (console) character file.

Game seed: 8828162596945948296

95 Banquo the Insei (level 4, 0/32 HPs)
             Began as a Djinni Transmuter on Sept 1, 2021.
             Slain by Ijyb (6 damage)
             ... while paralysed by Ijyb
             ... on level 3 of the Dungeon.
             The game lasted 00:11:49 (4237 turns).

Banquo the Insei (Djinni Transmuter)                Turns: 4237, Time: 00:11:50

Health: 0/32       AC:  5    Str:  9    XL:     4   Next: 97%
Gold:   61         EV:  2    Int: 15    God:
                   SH:  0    Dex: 14

rFire    + + .     SeeInvis .     - Unarmed
rCold    . . .     Faith    .   (no shield)
rNeg     . . .     Spirit   .   a - +0 robe
rPois    ∞         Reflect  .   (no helmet)
rElec    .         Harm     .   (no cloak)
rCorr    .         Rampage  .   m - +2 pair of gloves
Will     .....                  (boots unavailable)
Stlth    +.........             (no amulet)
HPRegen  0.10/turn              C - ring of protection from cold
MPRegen  0.00/turn              (no ring)

@: paralysed, flying
A: sickness immunity, fire resistance 2, cold vulnerability 1, float, innate
caster, hp casting, extra vitality 1
a: no special abilities


You were on level 3 of the Dungeon.
You visited 1 branch of the dungeon, and saw 3 of its levels.

You collected 117 gold pieces.
You spent 56 gold pieces at shops.

Inventory:

Missiles
 b - 37 poisoned darts
 h - 47 stones
Armour
 a - a +0 robe (worn)
 l - a +0 pair of gloves
 m - a +2 pair of gloves (worn)
Jewellery
 i - an amulet of guardian spirit
 k - a +6 ring of dexterity
 C - a ring of protection from cold (left hand)
Scrolls
 d - a scroll of teleportation {unknown}
 e - a scroll of torment {unknown}
 f - a scroll of vulnerability {unknown}
 g - 3 scrolls of identify {unknown}
 n - a scroll of immolation {unknown}
Potions
 c - a potion of brilliance {unknown}
 j - a potion of might
 o - 2 potions of resistance {unknown}


   Skills:
 * Level 1.5 Fighting
 - Level 2.1 Dodging
 * Level 4.5 Unarmed Combat
 * Level 2.3 Spellcasting


You couldn't memorise any spells.
You knew the following spells:

 Your Spells              Type           Power      Damage    Failure   Level
a - Beastly Appendage     Tmut           16%        N/A       9%          1
b - Wereblood             Tmut           8%         N/A       13%         2
c - Spider Form           Tmut/Pois      4%         N/A       26%         3
d - Ice Form              Ice/Tmut       8%         N/A       63%         4
z - Sandblast             Erth           16%        2d6       9%          1
Your spell library was empty.

Dungeon Overview and Level Annotations

Branches:
Dungeon (3/15)

Altars:

Shops:
D:2 !

Annotations:
D:3 Ijyb


Innate Abilities, Weirdness & Mutations

You are immune to sickness and miasma.
You are immune to poison.
Your flesh is very heat resistant. (rF++)
You are vulnerable to cold. (rC-)
You float through the air rather than walking.
You learn spells naturally, not from books.
Your magical power is your life essence.
You have superior vitality. (+4 HP)


Message History

Ijyb hits you with a +0 dagger.
Ijyb zaps a wand.
You shrug off the repeated paralysis!
Ijyb zaps a wand.
You resist with some effort. Ijyb barely misses you.
Ijyb screams, "Die!"
Ijyb zaps a wand.
You resist with some effort.
You can move again.
Unknown command.
You punch Ijyb! You headbutt Ijyb, but do no damage.
Ijyb is heavily wounded.
Your horns disappear.
Ijyb zaps a wand.
You resist with some effort.
You hit Ijyb.
Ijyb is severely wounded.
Ijyb zaps a wand.
You resist with some effort.
You barely miss Ijyb.
Ijyb is severely wounded.
Ijyb hits you but does no damage.
You hit Ijyb.
Ijyb is almost dead.
Ijyb hits you with a +0 dagger.
You closely miss Ijyb.
Ijyb is almost dead.
Ijyb hits you with a +0 dagger.
You hit Ijyb.
Ijyb is almost dead.
Ijyb hits you with a +0 dagger.
You miss Ijyb.
Ijyb is almost dead.
Ijyb barely misses you.
You hit Ijyb but do no damage.
Ijyb is almost dead.
Ijyb hits you but does no damage.
You closely miss Ijyb.
Ijyb is almost dead.
Ijyb zaps a wand.
You suddenly lose the ability to move!
Ijyb hits you with a +0 dagger. x2
* * * LOW HITPOINT WARNING * * *
Ijyb hits you with a +0 dagger.
You die...

#........###.##....#..
#........##...#....###
#........##...+.......
#........##...###.####
#....†...##.......#...
#......#####.####.#.##
#.......####.####.#.#<
##.......#...†...#.#.#.
#..†##@..#.......#.#...
##...##g..+.......#.##..
#.........#.......#..+..
#.........#.......####..
#.........#.............
#.....#...###...........
#.....#...#.............
#######......8..8.......
...............##


You could see Ijyb.

Vanquished Creatures
  Jessica (D:2)
  An adder (D:2)
  A dart slug (D:1)
  An orc (D:3)
  5 bats
  4 endoplasms
  A giant cockroach (D:2)
  5 goblins
  9 jackals
  3 quokkas
  2 ball pythons
  6 frilled lizards
  5 kobolds
  10 rats
54 creatures vanquished.

Notes
Turn   | Place    | Note
-------+----------+-------------------------------------------
     0 | D:1      | Banquo the Djinni Transmuter began the quest for the Orb.
     0 | D:1      | Reached XP level 1. HP: 17/17 MP: 0/0
   405 | D:1      | Reached XP level 2. HP: 17/22 MP: 0/0
   592 | D:1      | Found a faded altar of an unknown god.
  1367 | D:1      | Reached XP level 3. HP: 18/27 MP: 0/0
  1367 | D:1      | Learned a level 1 spell: Sandblast
  2278 | D:2      | Reached skill level 4 in Unarmed Combat
  2607 | D:2      | Noticed Jessica
  2621 | D:2      | Killed Jessica
  2622 | D:2      | Reached XP level 4. HP: 16/32 MP: 0/0
  3060 | D:2      | Found Nienkoff's Distillery.
  3065 | D:2      | Bought a potion of might for 56 gold pieces
  4200 | D:3      | Noticed Ijyb
  4206 | D:3      | Paralysed by Ijyb for 3 turns
  4218 | D:3      | Paralysed by Ijyb for 7 turns
  4234 | D:3      | Paralysed by Ijyb for 6 turns
  4237 | D:3      | Slain by Ijyb

Illustrated notes

Levels and vault maps discovered:
D:1:      ncdulo_smallfort, layout_loops_ring,
          shapermc_ecumenical_altar_pompeii, minmay_hexomino_u4
D:2:      layout_basic, serial_shops, shop, minmay_box_of_dots, uniq_jessica
D:3:      layout_basic, minmay_misc_feat_plants, uniq_ijyb

Skill      XL: |  1  2  3 |
---------------+----------+-----
Unarmed Combat | 4 |  4.5
Spellcasting   | 2 |  2.3
Fighting       | |  1.5
Dodging        | |  2.1

Action                   |  1- 3 |  4- 6 || total
-------------------------+-------+-------++-------
Melee: Unarmed           |   115 |    89 ||   204
       Headbutt          |    10 |     8 ||    18
       Punch             |       |     1 ||     1
 Cast: Beastly Appendage |    30 |    18 ||    48
       Sandblast         |     3 |     3 ||     6
       Wereblood         |       |     3 ||     3
Armor: Robe              |    18 |    20 ||    38
Dodge: Dodged            |    86 |    64 ||   150
